Map: Pylon LE

Players

IIIIIIIIIIII

  • Race: Terran Terran
  • League: Grandmaster
  • Spawn Location: 5:00

A.I. 1 (Very Easy) - Winner!

  • Race: Protoss Protoss
  • Spawn Location: 11:00

VOD

Have the link to the VOD?

Description

Time

  • Played on: Oct. 24, 2025, 12:56 p.m.
  • Length: 7:25
Show
View Real Time Build Order
Export as new Build Order

IIIIIIIIIIII Terran 

Build Orders: Reaper Expand 

Get SALT Encoding   

  12  0:00  SCV  
  13  0:12  SCV  
  14  0:16  Supply Depot  
  14  0:24  SCV  
  15  0:38  SCV  
  15  0:40  Barracks  
  16  0:42  Refinery  
  16  0:50  SCV  
  17  1:02  SCV  
  18  1:14  SCV  
  19  1:27  Reaper, Orbital Command  
  20  1:38  Command Center  
  20  1:46  Supply Depot  
  20  1:53  SCV  
  21  1:59  Marine  
  22  2:05  SCV  
  22  2:07  Factory  
  23  2:12  Bunker  
  23  2:17  SCV  
  23  2:20  Barracks Reactor  
  23  2:22  Refinery  
  24  2:29  SCV  
  25  2:41  SCV  
  26  2:51  Orbital Command  
  26  2:53  Starport  
  26  2:54  Hellion  
  26  2:55  SCV  
  29  2:58  Marine x2  
  31  3:07  SCV  
  32  3:16  Factory Tech Lab, Marine x2  
  32  3:19  SCV x2  
  36  3:25  Supply Depot  
  36  3:31  SCV  
  36  3:32  SCV  
  38  3:34  Marine x2  
  38  3:37  Raven  
  42  3:41  Factory Tech Lab  
  42  3:43  SCV  
  42  3:44  SCV  
  42  3:46  Barracks  
  44  3:51  Supply Depot  
  44  3:52  Marine x2  
  44  3:55  SCV  
  47  3:56  SCV  
  47  3:59  Siege Tank  
  51  4:07  SCV  
  51  4:08  SCV  
  51  4:09  Marine  
  53  4:12  Barracks, Marine  
  55  4:18  Supply Depot  
  55  4:19  Refinery, SCV  
  55  4:22  Engineering Bay  
  55  4:23  SCV  
  57  4:27  Marine  
  57  4:30  Marine  
  59  4:31  Supply Depot  
  59  4:32  SCV  
  59  4:37  SCV  
  61  4:40  Siege Tank  
  61  4:42  Marine  
  61  4:45  Marine  
  65  4:46  SCV  
  65  4:48  Marine  
  65  4:49  SCV  
  65  4:50  Terran Infantry Weapons Level 1  
  69  4:57  Supply Depot  
  69  4:58  SCV  
  70  5:01  SCV  
  70  5:04  Barracks x2  
  71  5:07  Starport Reactor  
  71  5:08  Stimpack  
  71  5:10  SCV  
  71  5:13  SCV  
  71  5:14  Refinery  
  73  5:19  Supply Depot, Marine x2  
  73  5:20  Factory Reactor  
  75  5:25  Marauder  
  75  5:26  Marauder  
  79  5:30  Supply Depot  
  79  5:31  Combat Shield  
  79  5:40  Marine x2  
  78  5:44  Medivac  
  78  5:46  Marauder  
  78  5:47  Medivac, Marauder  
  86  5:51  Supply Depot, Marine  
  86  5:53  Supply Depot, Marine  
  90  5:57  Widow Mine x2  
  90  5:58  Marine  
  90  6:00  Marine  
  94  6:08  Marauder x2  
  94  6:10  Marine  
  94  6:11  Marine  
  99  6:14  Supply Depot  
  99  6:17  Medivac x2  
  104  6:20  Supply Depot  
  104  6:21  Marine  
  104  6:22  Marine  
  106  6:29  Marauder  
  106  6:30  Marauder, Marine x2  
  112  6:35  Widow Mine x2  
  112  6:39  Supply Depot  
  116  6:41  Marine x2  
  118  6:48  Supply Depot  
  118  6:50  Marauder, Marine x2  
  118  6:51  Marauder  
  124  7:00  Marine x2, Widow Mine x2  
  134  7:10  Supply Depot  
Show
View Real Time Build Order
Export as new Build Order

A.I. 1 (Very Easy) Protoss - Winner!

Build Orders:  

Get SALT Encoding   

  12  0:00  Probe  
  13  0:13  Probe  
  14  0:19  Pylon  
  14  0:36  Assimilator  
  14  0:42  Gateway  
  14  0:45  Pylon  
  14  1:14  Assimilator  
  14  1:23  Probe  
  14  1:29  Zealot  
  14  1:31  Probe  
  17  1:32  Cybernetics Core  
  17  1:39  Probe  
  19  1:49  Probe  
  20  1:59  Warp Gate, Probe  
  20  2:07  Probe  
  22  2:37  Stalker  
  24  6:52  Probe  
  24  7:05  Probe  
  24  7:10  Adept  
  24  7:11  Pylon  
  24  7:14  Robotics Facility  
  27  7:17  Nexus  
Tags
 
Matchup
PvT
Spawn Locations
Cross Positions
Add a new tag
Caveats
  • Supply blocks, unpowered buildings, or Contaminate may cause inaccurate times.
  • Supply counts are checked every 10 seconds.